 Dungeon Crawl Stone Soup version 0.29.1-15-g9cfb28693d (webtiles) character file.

Game seed: 9283826574249989295

21692 wingedge the Trooper (level 12, -4/100 HPs)
             Began as a Demigod Wanderer on Apr 26, 2023.
             Slain by a death yak (12 damage)
             ... on level 3 of the Lair of Beasts on Apr 27, 2023.
             The game lasted 01:10:11 (20895 turns).

wingedge the Trooper (Demigod Wanderer)            Turns: 20895, Time: 01:10:12

Health: -4/100     AC: 15    Str: 16    XL:     12   Next: 26%
Magic:  0/24       EV: 11    Int: 31    God:
Gold:   630        SH:  5    Dex: 17    Spells: 10/22 levels left

rFire   + . .      SeeInvis +   a - +4 flail of Blood-Lust {freeze, Drain Fly rF+ Dex+4}
rCold   . . .      Faith    .   V - +0 buckler
rNeg    + . .      Spirit   +   o - +0 swamp dragon scales
rPois   +          Reflect  .   z - +2 hat
rElec   .          Harm     .   j - +2 cloak
rCorr   .          Rampage  .   (no gloves)
Will    ++...                   T - +0 pair of boots
Stlth   ++........              d - amulet of guardian spirit
HPRegen 0.26/turn               A - ring of willpower
MPRegen 0.19/turn               B - ring "Vumid" {rN+ Int+4 SInv}

@: flying, very slightly contaminated
A: high MP 1, forlorn, divine attributes
a: no special abilities


You were on level 3 of the Lair of Beasts.
You visited 3 branches of the dungeon, and saw 14 of its levels.
You also visited: Ossuary.

You collected 728 gold pieces.
You spent 98 gold pieces at shops.

Inventory:

Hand Weapons
 a - the +4 flail of Blood-Lust (weapon) {freeze, Drain Fly rF+ Dex+4}
   (You found it on level 8 of the Dungeon)

   It freezes those it strikes, dealing additional cold damage.
   It can also slow down cold-blooded creatures.
   Dex:       It affects your dexterity (+4).
   rF:        It protects you from fire.
   Fly:       It grants you flight.
   Drain:     It drains your maximum health when unequipped.
 i - the +10 whip of Vizarr {vorpal, rC+ Stlth+}
   (You found it on level 10 of the Dungeon)

   It inflicts extra damage upon your enemies.
   rC:        It protects you from cold.
   Stlth:     It makes you more stealthy.
Missiles
 e - 6 boomerangs (quivered)
 f - 5 silver javelins
 y - 3 poisoned darts
 N - 12 javelins
Armour
 c - the +1 leather armour "Welo Rea" {rElec Will+ Dex+4}
   (You found it on level 9 of the Dungeon)

   Dex:       It affects your dexterity (+4).
   rElec:     It insulates you from electricity.
   Will:      It increases your willpower.
 j - a +2 cloak (worn)
 o - +0 swamp dragon scales (worn)
 z - a +2 hat (worn)
 T - a +0 pair of boots (worn)
 V - a +0 buckler (worn)
Jewellery
 d - an amulet of guardian spirit (around neck)
 m - a ring of protection from cold
 A - a ring of willpower (left hand)
 B - the ring "Vumid" (right hand) {rN+ Int+4 SInv}
   (You found it on level 2 of the Lair of Beasts)

   [ring of see invisible]

   Int:       It affects your intelligence (+4).
   rN:        It protects you from negative energy.
   SInv:      It lets you see invisible.
Wands
 b - a wand of mindburst (13)
 K - a wand of quicksilver (3)
 R - a wand of flame (14)
 U - a wand of charming (9)
 W - a wand of digging (1)
Scrolls
 g - 3 scrolls of poison
 k - 3 scrolls of magic mapping
 l - 7 scrolls of amnesia
 n - 6 scrolls of vulnerability
 t - 4 scrolls of fog
 u - a scroll of torment {unknown}
 w - 2 scrolls of immolation {unknown}
 C - 2 scrolls of noise {unknown}
 D - 6 scrolls of teleportation
 G - 2 scrolls of enchant weapon {unknown}
 H - 5 scrolls of blinking
 I - 2 scrolls of brand weapon
 L - 3 scrolls of fear
Potions
 h - 2 potions of haste
 p - 7 potions of lignification
 q - 3 potions of invisibility
 r - 2 potions of might
 s - 2 potions of cancellation {unknown}
 v - 3 potions of brilliance {unknown}
 x - a potion of mutation {unknown}
 E - 3 potions of heal wounds {unknown}
 F - 7 potions of curing
 J - 2 potions of berserk rage {unknown}
 M - a potion of magic {unknown}
 Q - a potion of ambrosia {unknown}
 S - a potion of resistance {unknown}


   Skills:
 - Level 7.0 Fighting
 - Level 6.2(7.3) Axes
 - Level 5.6(7.0) Maces & Flails
 - Level 3.0 Throwing
 - Level 6.0 Armour
 + Level 3.0 Dodging
 + Level 5.1 Stealth
 - Level 3.0 Shields
 + Level 5.9 Spellcasting
 * Level 5.0 Conjurations
 - Level 4.0 Transmutations
 - Level 4.0 Fire Magic
 * Level 4.2 Ice Magic
 + Level 4.7 Air Magic
 - Level 6.0 Poison Magic
 - Level 2.0 Evocations


You had 10 spell levels left.
You knew the following spells:

 Your Spells              Type           Power      Damage    Failure   Level
a - Mephitic Cloud        Conj/Pois/Air  41%        N/A       4%          3
b - Ignite Poison         Fire/Tmut/Pois 38%        N/A       5%          3
c - Wereblood             Tmut           33%        N/A       3%          2
d - Hailstorm             Conj/Ice       37%        3d9       17%         4

Your spell library contained the following spells:

 Spells                   Type           Power      Damage    Failure   Level
 Swiftness                Air            38%        N/A       4%          3
 Ensorcelled Hibernation  Hex/Ice        44%        N/A       8%          2
 Passwall                 Tmut/Erth      17%        N/A       8%          2
 Blink                    Tloc           18%        N/A       19%         2
 Sublimation of Blood     Necr           9%         N/A       19%         2
 Ice Form                 Ice/Tmut       34%        N/A       22%         4
 Corpse Rot               Necr/Pois/Air  31%        N/A       26%         4
 Confusing Touch          Hex            9%         N/A       34%         3
 Lesser Beckoning         Tloc           9%         N/A       34%         3
 Freezing Cloud           Conj/Ice/Air   19%        6-21      43%         5
 Dispel Undead            Necr           9%         3d8       75%         4
 Yara's Violent Unravell  Hex/Tmut       10%        3d6       82%         5
 Manifold Assault         Tloc           9%         N/A       97%         5
 Death Channel            Necr           4%         N/A       100%        6
 Simulacrum               Ice/Necr       11%        N/A       100%        6
 Enfeeble                 Hex            4%         N/A       100%        7
 Summon Hydra             Summ           4%         N/A       100%        7


Dungeon Overview and Level Annotations

Branches:
Dungeon (10/15)            Temple (1/1) D:4            Lair (3/5) D:10
Ossuary (visited)
  Swamp: Lair:2-3    Shoals: Lair:2-3     Snake: Lair:2-3    Spider: Lair:2-3
    Orc: D:9-12

Shops:
D:4 *

Annotations:
D:10 2 transporters, nroviw's ghost, journeyman DrCj


Innate Abilities, Weirdness & Mutations

You have an increased reservoir of magic. (+10% MP)
You shall have no god before yourself.
Your divine heritage dramatically boosts your attributes as you level up.


Message History

Aim: a death yak (severely wounded, chance to affect: 34%)
You miscast Mephitic Cloud.
You are very lightly contaminated with residual magic.
Nothing appears to happen.
The death yak gores you but does no damage.
The wyvern barely misses the death yak.
Casting: Mephitic Cloud (mildly dangerous; 4% risk of failure)
Confirm with . or Enter, or press ? or * to list all spells.
Aiming: Mephitic Cloud (mildly dangerous; 4% risk of failure)
Press: ? - help, Shift-Dir - straight line, f/p - death yak
Aim: a death yak (severely wounded, chance to affect: 34%)
The ball explodes into a vile cloud!
The stinking cloud engulfs the death yak but does no damage.
The death yak is severely wounded.
The stinking cloud engulfs the wyvern but does no damage.
The stinking cloud engulfs you but does no damage.
You hear an angry hiss.
You hear a faint skittering sound.
The death yak is engulfed in noxious fumes.
The death yak gores you!!
* * * LOW HITPOINT WARNING * * *
The wyvern is engulfed in noxious fumes.
The wyvern appears confused.
The wyvern bites you but does no damage.
You hit the death yak. You freeze the death yak.
The death yak is almost dead.
The wyvern is engulfed in noxious fumes.
The death yak is engulfed in noxious fumes.
The death yak gores you!
* * * LOW HITPOINT WARNING * * *
You block the wyvern's attack.
You hit the death yak. You freeze the death yak.
The death yak is almost dead.
The death yak is engulfed in noxious fumes.
The death yak gores you!
* * * LOW HITPOINT WARNING * * *
The wyvern is engulfed in noxious fumes.
The wyvern appears confused.
The death yak is engulfed in noxious fumes.
The death yak gores you!
You die...

####### ##..# #..##.###
#...# #.P.....####..#
#.P.#.....##.## ### ##
.....####...## #P## ..
###...# ##...#####..#.#
##....###.....#l##...#
###....#.P.....#○○..Y#
##.#.......#....@Y#.#.....
.###.........#..☼§○## ###
..#...#............#
#...............#.##
##...............##
##.......<.#....##
#.....##...#....# ......#
#....... ......# ...


You could see 2 death yaks and a wyvern (confused).

Vanquished Creatures
  Gastronok (Lair:2)
  2 hydras (Lair:2)
  3 two-headed ogres
  A catoblepas (Lair:2)
  A death yak (Lair:3)
  3 oklob plants (Lair:2)
  2 torpor snails (Lair:2)
  6 cane toads
  Maggie (Lair:1)
  Psyche (D:8)
  An unseen horror (D:10)
  2 komodo dragons
  A rime drake (Lair:1)
  A troll (D:9)
  2 polar bears (Lair:2)
  A hornet (Lair:2)
  Grinder (D:6)
  Prince Ribbit (D:7)
  4 dream sheep (Lair:2)
  10 yaks
  A shadow (D:10)
  2 wyverns
  A wraith (D:5)
  A vampire (D:10)
  8 steam dragons
  2 vampire mosquitoes (D:10)
  A warg (Lair:1)
  An acid dragon (D:8)
  5 water moccasins
  2 ice beasts
  2 sky beasts
  6 black bears
  4 ogres
  13 wolves
  A centaur (D:10)
  7 bullfrogs
  3 scorpions
  2 gnoll sergeants
  A necrophage (D:6)
  4 killer bees (D:7)
  6 howler monkeys
  2 electric eels (Lair:1)
  A crimson imp (D:8)
  4 jellies
  3 orc priests
  3 hounds
  4 iguanas
  8 orc wizards
  14 mummies (Ossuary)
  7 adders
  6 gnolls
  A shadow imp (D:8)
  3 white imps (D:8)
  An ufetubus (D:5)
  A worm (D:2)
  3 dart slugs
  31 orcs
  12 ball pythons
  5 bats
  6 endoplasms
  3 giant cockroaches
  7 goblins
  4 hobgoblins
  8 jackals
  6 kobolds
  4 quokkas
  2 gnoll skeletons (Ossuary)
  2 goblin skeletons (Ossuary)
  2 kobold skeletons (Ossuary)
  2 orc skeletons (Ossuary)
  5 rats
  11 rat skeletons (Ossuary)
289 creatures vanquished.

Vanquished Creatures (collateral kills)
  A komodo dragon (Lair:1)
  Grum (Lair:1)
  A wolf (Lair:1)
  A killer bee (D:7)
4 creatures vanquished.

Vanquished Creatures (others)
  17 fungi
  48 plants
65 creatures vanquished.

Grand Total: 358 creatures vanquished

Notes
Turn   | Place    | Note
-------+----------+-------------------------------------------
     0 | D:1      | wingedge the Demigod Wanderer began the quest for the Orb.
     0 | D:1      | wingedge set off with the following items: a +2 hand axe, a
                  | potion of curing, 8 boomerangs, a +0 dagger, a scroll of
                  | blinking, a +0 leather armour.
     0 | D:1      | Reached XP level 1. HP: 17/17 MP: 3/3
   168 | D:1      | Reached skill level 2 in Fighting
   337 | D:1      | Reached XP level 2. HP: 24/24 MP: 4/4
  1090 | D:2      | Reached XP level 3. HP: 26/29 MP: 5/5
  2010 | D:2      | Reached skill level 5 in Axes
  2365 | D:3      | Reached XP level 4. HP: 36/36 MP: 5/7
  2856 | D:4      | Found a staircase to the Ecumenical Temple.
  2861 | Temple   | Entered the Ecumenical Temple
  2880 | D:4      | Reached skill level 1 in Spellcasting
  2942 | D:4      | Reached XP level 5. HP: 25/44 MP: 5/9
  3076 | D:4      | Reached skill level 3 in Fighting
  3079 | D:4      | Noticed a black bear
  3096 | D:4      | Killed a black bear
  3265 | D:4      | Noticed an ogre
  3288 | D:4      | Killed an ogre
  3289 | D:4      | Reached XP level 6. HP: 22/51 MP: 4/10
  3542 | D:4      | Found Riokh's Gadget Gallery.
  3558 | D:4      | Bought a wand of mindburst (5) for 98 gold pieces
  3799 | D:5      | Entered Level 5 of the Dungeon
  4132 | D:5      | Identified the +0 leather armour of Jousch {Int+3 Dex+7}
  4153 | D:5      | Found a sand-covered staircase.
  4158 | Ossuary  | Entered an ossuary
  4834 | Ossuary  | Reached skill level 1 in Conjurations
  4851 | Ossuary  | Reached skill level 1 in Air Magic
  4851 | Ossuary  | Reached skill level 1 in Poison Magic
  4865 | Ossuary  | Reached skill level 1 in Shields
  5479 | Ossuary  | Reached XP level 7. HP: 44/57 MP: 9/12
  6086 | D:5      | Reached skill level 4 in Fighting
  6259 | D:5      | Learned a level 3 spell: Mephitic Cloud
  6989 | D:5      | Noticed a wraith
  7001 | D:5      | Killed a wraith
  7002 | D:5      | Reached XP level 8. HP: 54/66 MP: 11/14
  7643 | D:6      | Reached skill level 1 in Dodging
  7655 | D:6      | Noticed Grinder
  7908 | D:6      | Killed Grinder
  8649 | D:7      | Reached skill level 5 in Fighting
  9129 | D:7      | Noticed Prince Ribbit
  9136 | D:7      | Killed Prince Ribbit
  9137 | D:7      | Reached XP level 9. HP: 74/74 MP: 14/18
  9487 | D:7      | Reached skill level 6 in Fighting
  9776 | D:7      | Reached skill level 5 in Armour
  9958 | D:7      | Learned a level 3 spell: Ignite Poison
 10301 | D:8      | Noticed Psyche
 10317 | D:8      | Killed Psyche
 10318 | D:8      | Reached skill level 1 in Transmutations
 10318 | D:8      | Reached skill level 1 in Fire Magic
 10556 | D:8      | You fall into a shaft and drop 1 floor!
 11520 | D:8      | Noticed a two-headed ogre
 11533 | D:8      | Killed a two-headed ogre
 11534 | D:8      | Reached XP level 10. HP: 83/83 MP: 2/19
 11790 | D:8      | Identified the +4 flail of Blood-Lust {freeze, Drain Fly
                  | rF+ Dex+4}
 12078 | D:9      | Noticed a two-headed ogre
 12094 | D:9      | Killed a two-headed ogre
 12095 | D:9      | Reached skill level 1 in Maces & Flails
 12562 | D:9      | Reached skill level 5 in Poison Magic
 12602 | D:9      | Identified the +1 leather armour "Welo Rea" {rElec Will+
                  | Dex+4}
 12640 | D:9      | Learned a level 2 spell: Wereblood
 13288 | D:10     | Entered Level 10 of the Dungeon
 13289 | D:10     | Found a staircase to the Lair.
 13575 | D:10     | Found a transporter.
 13580 | D:10     | Noticed nroviw's ghost (journeyman DrCj)
 13611 | D:10     | Found a transporter.
 13937 | D:10     | Identified the +10 whip of Vizarr {vorpal, rC+ Stlth+}
 14800 | D:10     | Noticed a two-headed ogre
 15318 | D:10     | Killed a two-headed ogre
 15575 | Lair:1   | Entered Level 1 of the Lair of Beasts
 15611 | Lair:1   | Noticed Grum
 15925 | Lair:1   | Killed Grum
 15926 | Lair:1   | Reached XP level 11. HP: 63/89 MP: 6/20
 16211 | Lair:1   | Noticed Maggie
 16229 | Lair:1   | Killed Maggie
 16863 | Lair:1   | Reached skill level 5 in Maces & Flails
 17831 | Lair:2   | Reached skill level 5 in Spellcasting
 17831 | Lair:2   | Reached skill level 1 in Ice Magic
 17832 | Lair:2   | Noticed a seven-headed hydra
 17842 | Lair:2   | Killed a seven-headed hydra
 18001 | Lair:2   | Noticed a four-headed hydra
 18009 | Lair:2   | Killed a four-headed hydra
 18343 | Lair:2   | Noticed Gastronok
 18421 | Lair:2   | Killed Gastronok
 19374 | Lair:2   | Reached XP level 12. HP: 71/97 MP: 13/24
 19477 | Lair:2   | Identified the ring "Vumid" {rN+ Int+4 SInv}
 19611 | Lair:2   | Reached skill level 7 in Fighting
 19714 | Lair:2   | Learned a level 4 spell: Hailstorm
 19969 | Lair:2   | Reached skill level 5 in Stealth
 20073 | Lair:2   | Noticed a catoblepas
 20101 | Lair:2   | Killed a catoblepas
 20883 | Lair:3   | Reached skill level 5 in Conjurations
 20895 | Lair:3   | Slain by a death yak

Illustrated notes

Levels and vault maps discovered:
D:1:      wheals_arrival_linesprint, layout_basic, chequers_avenue
D:2:      layout_loops_corners, st_stairs_12
D:3:      layout_basic
D:4:      layout_cave_pools, minmay_temple_entry_arrows, minivault_19,
          nicolae_shop_gadgets
D:5:      layout_loops_ring, nicolae_overflow_two_pavilions, enter_ossuary_2,
          kennysheep_generic_room_11
D:6:      layout_basic, uniq_grinder
D:7:      cheibrodos_steamvent, layout_basic, grunt_decor_mini_mirrors,
          uniq_prince_ribbit1
D:8:      layout_basic, pdpol_temple_overflow_zin_treasury_gozag_greed,
          minmay_fire_ice_demons, uniq_psyche
D:9:      layout_stronghold
D:10:     layout_gridville, general_overflow_altar,
          minmay_overflow_temple_star_hex, dpeg_oklobed_lair,
          gammafunk_ghost_stat_death, grunt_ministairs_2
Temple:   hellmonk_temple_flake
Lair:1:   beast_lair_carwin_large_2, layout_layer_cave, serial_bayou_shore_a,
          infiniplex_staircase_pool, uniq_grum, uniq_maggie
Lair:2:   minmay_lair_oklob_chamber, layout_cave_pods, beast_lair_carwin_3,
          lemuel_fruit_fields, grunt_megastairs_1, uniq_gastronok
Lair:3:   layout_layer_cave, skrybe_swamp_entry_bodies,
          nicolae_spider_entry_orb_guardian, minmay_holes,
          minmay_lair_oklob_bushes, fungi_pond_lemuel

Skill      XL: |  1  2  3  4  5  6  7  8  9 10 11 12 |
---------------+-------------------------------------+-----
Fighting       | 2 3 4 5 6 7 |  7.0
Axes           | 4 5 6 |  6.2
Spellcasting   | 1 2 3 4 5 |  5.9
Throwing       | 2 3 |  3.0
Conjurations   | 1 2 3 4 5 |  5.0
Air Magic      | 1 2 3 4 |  4.7
Poison Magic   | 1 2 3 4 6 |  6.0
Shields        | 1 2 3 |  3.0
Evocations     | 2 |  2.0
Dodging        | 2 3 |  3.0
Armour         | 2 5 6 |  6.0
Transmutations | 2 4 |  4.0
Fire Magic     | 2 3 4 |  4.0
Maces & Flails | 4 5 |  5.6
Stealth        | 4 5 |  5.1
Ice Magic      | 3 4 |  4.2

Action                   |  1- 3 |  4- 6 |  7- 9 | 10-12 || total
-------------------------+-------+-------+-------+-------++-------
Melee: Hand axe          |   101 |   178 |   317 |     2 ||   598
       Punch             |     1 |       |       |       ||     1
       Flail             |       |       |       |   272 ||   272
Throw: Boomerang         |    26 |    24 |    40 |     1 ||    91
       Javelin           |       |    44 |    21 |     1 ||    66
       Dart              |       |       |     3 |       ||     3
 Cast: Mephitic Cloud    |       |       |    33 |   108 ||   141
       Ignite Poison     |       |       |     5 |    55 ||    60
Evoke: Wand              |       |     4 |     7 |    10 ||    21
  Use: Scroll            |       |     3 |    12 |    12 ||    27
       Potion            |       |     2 |       |       ||     2
 Stab: Sleeping          |     1 |     1 |     1 |       ||     3
       Confused          |       |       |    27 |    24 ||    51
       Distracted        |       |       |       |     1 ||     1
Armor: Leather armour    |     5 |     4 |    77 |    40 ||   126
       Ring mail         |    31 |    48 |       |       ||    79
       Swamp dragon scal |       |       |       |    57 ||    57
Dodge: Dodged            |    41 |    70 |   156 |   157 ||   424
Block: Buckler           |     7 |    24 |    50 |    63 ||   144
